 Dungeon Crawl Stone Soup version 0.29-a0-512-gf59ac788ac (console) character file.

Game seed: 3048558727649158433

2944 fluora the Basher (level 9, -1/63 HPs)
             Began as a Mummy Wanderer on May 30, 2022.
             Was an Initiate of Gozag.
             Slain by a hornet (9 damage)
             ... on level 7 of the Dungeon.
             The game lasted 00:11:23 (8043 turns).

fluora the Basher (Mummy Wanderer)                  Turns: 8043, Time: 00:11:24

Health: -1/63      AC: 11    Str: 20    XL:     9   Next: 51%
Magic:  13/13      EV:  8    Int: 10    God:    Gozag
Gold:   434        SH:  5    Dex: 18    Spells: 12/13 levels left

rFire   x . .      SeeInvis +   n - +0 whip (elec)
rCold   + + .      Faith    .   b - +0 buckler
rNeg    + + +      Spirit   .   y - +0 chain mail
rPois   ∞          Reflect  .   p - +0 helmet
rElec   .          Harm     .   (no cloak)
rCorr   .          Rampage  .   e - +1 pair of gloves of Mosimiycw {Slay+3 SInv}
Will    +....                   (no boots)
Stlth   ..........              v - amulet of the acrobat
HPRegen 0.20/turn               f - +6 ring of dexterity
MPRegen 0.13/turn               h - ring of protection from cold

@: no status effects
A: cold resistance 1, negative energy resistance 3, torment resistance 2, heat
vulnerability 1, in touch with death 1, no potions
a: Renounce Religion, Potion Petition, Call Merchant, Bribe Branch


You were on level 7 of the Dungeon.
You worshipped Gozag.
Gozag was aware of your devotion.
You visited 2 branches of the dungeon, and saw 9 of its levels.

You collected 575 gold pieces.
You paid 141 gold pieces to Gozag.

Inventory:

Hand Weapons
 a - a +0 club
 j - a +0 trident
 n - a +0 whip of electrocution (weapon)
Missiles
 g - 9 poisoned darts (quivered)
Armour
 b - a +0 buckler (worn)
 e - the +1 pair of gloves of Mosimiycw (worn) {Slay+3 SInv}
   (You acquired it on level 4 of the Dungeon)

   Slay:      It affects your accuracy & damage with ranged weapons and melee
   (+3).
   SInv:      It lets you see invisible.
 p - a +0 helmet (worn)
 y - a +0 chain mail (worn)
Jewellery
 f - a +6 ring of dexterity (left hand)
 h - a ring of protection from cold (right hand)
 v - an amulet of the acrobat (around neck)
Wands
 q - a wand of iceblast (9)
 u - a wand of flame (21)
 x - a wand of mindburst (18)
Scrolls
 c - a scroll of fog
 i - a scroll of magic mapping
 k - a scroll of summoning
 l - a scroll of noise
 m - 2 scrolls of torment {unknown}
 o - 5 scrolls of teleportation {unknown}
 r - 2 scrolls of enchant weapon {unknown}
 s - a scroll of poison {unknown}
 t - a scroll of amnesia
 w - a scroll of identify


   Skills:
 - Level 3.0 Fighting
 * Level 9.8 Maces & Flails
 - Level 2.0 Throwing
 - Level 1.5 Armour
 - Level 2.4 Dodging
 - Level 4.0 Shields
 - Level 2.6 Spellcasting
 - Level 1.0 Invocations


You had 12 spell levels left.
You knew the following spells:

 Your Spells              Type           Power      Damage    Failure   Level
a - Shock                 Conj/Air       4%         1d3       99%         1

Your spell library contained the following spells:

 Spells                   Type           Power      Damage    Failure   Level
 Stone Arrow              Conj/Erth      2%         3d7       100%        3


Dungeon Overview and Level Annotations

Branches:
Dungeon (8/15)             Temple (1/1) D:7
   Lair: D:8-11

Altars:
Ashenzari
Cheibriados
Dithmenos
Fedhas
Gozag
Makhleb
Okawaru
Qazlal
Sif Muna
Trog
Vehumet
Wu Jian
Xom
Yredelemnul
Zin
The Shining One

Shops:
D:1 *   D:3 :


Innate Abilities, Weirdness & Mutations

You are immune to poison.
Your flesh is cold resistant. (rC+)
You are immune to negative energy. (rN+++)
You are immune to unholy pain and torment.
You are vulnerable to heat. (rF-)
You are in touch with the powers of death.
You do not drink.


Message History

The kobold is engulfed in a cloud of scalding steam.
The kobold dies!
The steam dragon bites you. The steam dragon misses you.
The hornet attacks as you move away! The hornet misses you.
The hornet is engulfed in a cloud of scalding steam. x2
The hornet barely misses you.
You closely miss the steam dragon.
The hornet is distracted by your dazzling golden aura.
The hornet buzzes angrily.
You hit the steam dragon.
The steam dragon is lightly wounded.
The steam dragon bites you but does no damage.
The steam dragon claws you but does no damage.
You closely miss the hornet.
The hornet is no longer distracted by gold.
The hornet is severely wounded.
The hornet is engulfed in a cloud of scalding steam.
The hornet barely misses you. The steam dragon breathes steam at you.
The ball of steam hits you!! The steam scalds you terribly!
The steam dragon attacks as you move away!
The steam dragon bites you! The steam dragon claws you.
The hornet attacks as you move away! The hornet barely misses you.
The hornet stings you.
Aiming: Iceblast
Press: ? - help, Shift-Dir - straight line The mass of ice explodes!
The iceblast engulfs the steam dragon!
The steam dragon is severely wounded.
The iceblast engulfs the hornet.
The hornet is almost dead.
The hornet completely misses you.
Aiming: Iceblast
Press: ? - help, Shift-Dir - straight line The mass of ice explodes!
The iceblast engulfs the steam dragon!
The steam dragon is almost dead.
The hornet stings you!
* * * LOW HITPOINT WARNING * * *
The hornet stings you!
You die...
Your body crumbles into a pile of gold.

##[...###.##........### #.
#.....#...###......## #.
#.....<.........).### #.
##...#.##.$...#....#.### ##
#.......##.>.##........## ##
#.......###.....[.......# ###.
###......##§.##.........###...
####..........y##........##.....
##.###.........D@..).....##...##.
.#...#[[..§§.......#.....#...###.
......[..§.§...#...#.............
..#.[...>§§....#.........#.......
..##.............).......##......
..............#..##....###.......
..............#.............(....
........#.#...........##.........
.......####...........###..####..


You could see a hornet and a steam dragon (catching breath).

Vanquished Creatures
  Pikel (D:6)
  Maggie (D:7)
  Eustachio (D:6)
  A steam dragon (D:7)
  Menkaure (D:6)
  Duvessa (D:6)
  2 black bears
  An ice beast (D:6)
  A phantom (D:5)
  3 lemures
  A kobold brigand (D:8)
  4 scorpions
  3 bullfrogs
  A necrophage (D:7)
  4 killer bees (D:7)
  2 hounds
  4 orc priests (D:7)
  A jelly (D:6)
  2 gnoll shamans
  4 iguanas
  3 orc wizards
  Natasha (twice) (D:3)
  5 gnolls
  3 adders
  A shadow imp (D:6)
  2 white imps (D:6)
  An ufetubus (D:5)
  6 dart slugs
  15 orcs
  5 ball pythons
  5 bats (D:1)
  9 endoplasms
  A giant cockroach (D:1)
  2 goblins
  3 hobgoblins
  A frilled lizard (D:2)
  7 kobolds
  5 rats
115 creatures vanquished.

Vanquished Creatures (others)
  A gnoll (D:7)
  A kobold (D:7)
2 creatures vanquished.

Grand Total: 117 creatures vanquished

Notes
Turn   | Place    | Note
-------+----------+-------------------------------------------
     0 | D:1      | fluora the Mummy Wanderer began the quest for the Orb.
     0 | D:1      | fluora set off with the following items: a +0 club, a +0
                  | buckler, a scroll of fog, a +2 leather armour; and the
                  | following spell memorised: Shock; and the following spells
                  | available to memorise: Stone Arrow
     0 | D:1      | Reached XP level 1. HP: 15/15 MP: 4/4
   302 | D:1      | Reached XP level 2. HP: 21/21 MP: 5/5
   402 | D:1      | Found Jeti's Assorted Antiques.
   582 | D:1      | Found a faded altar of an unknown god.
  1462 | D:2      | Gained mutation: You are in touch with the powers of death.
                  | [Mummy growth]
  1462 | D:2      | Reached XP level 3. HP: 17/27 MP: 7/7
  1681 | D:2      | You fall into a shaft and drop 1 floor!
  2032 | D:3      | Noticed Natasha
  2034 | D:3      | Killed Natasha
  2035 | D:3      | Reached skill level 1 in Throwing
  2114 | D:3      | Reached XP level 4. HP: 28/34 MP: 8/8
  2198 | D:3      | Found Bawis's Book Boutique.
  2271 | D:3      | Found an ornate altar of the Wu Jian Council.
  2303 | D:3      | Noticed a black bear
  2345 | D:3      | Killed a black bear
  2346 | D:3      | Reached skill level 1 in Maces & Flails
  2346 | D:3      | Reached XP level 5. HP: 28/40 MP: 9/9
  2622 | D:3      | Noticed Natasha
  2625 | D:3      | Killed Natasha
  2721 | D:4      | Reached skill level 2 in Maces & Flails
  3043 | D:4      | Reached XP level 6. HP: 31/47 MP: 10/10
  3298 | D:4      | Identified a scroll of acquirement
  3302 | D:4      | Acquired the +1 pair of gloves of Mosimiycw {Slay+3 SInv}
  3325 | D:5      | Entered Level 5 of the Dungeon
  3456 | D:5      | Reached skill level 3 in Maces & Flails
  3610 | D:5      | Reached XP level 7. HP: 31/52 MP: 11/11
  3642 | D:5      | Reached skill level 4 in Maces & Flails
  4351 | D:6      | Noticed Menkaure
  4356 | D:6      | Killed Menkaure
  4525 | D:6      | Reached skill level 5 in Maces & Flails
  4875 | D:6      | Reached XP level 8. HP: 58/58 MP: 12/12
  4901 | D:6      | Noticed Duvessa
  4956 | D:6      | Killed Duvessa
  4957 | D:6      | Reached skill level 6 in Maces & Flails
  5209 | D:6      | Noticed Eustachio
  5231 | D:6      | Killed Eustachio
  5602 | D:7      | Reached skill level 7 in Maces & Flails
  5779 | D:7      | Noticed Pikel
  6143 | D:7      | Found a staircase to the Ecumenical Temple.
  6189 | Temple   | Entered the Ecumenical Temple
  6342 | Temple   | Became a worshipper of Gozag Ym Sagoz the Greedy
  6547 | D:7      | Noticed Maggie
  6786 | D:7      | Reached skill level 8 in Maces & Flails
  7204 | D:6      | Killed Pikel
  7205 | D:6      | Reached XP level 9. HP: 45/63 MP: 13/13
  7355 | D:7      | Reached skill level 9 in Maces & Flails
  7753 | D:7      | Killed Maggie
  8043 | D:7      | Slain by a hornet

Illustrated notes

Levels and vault maps discovered:
D:1:      erik_arrival_cave_to_civilisation [erik_arrival_cave_to_hall],
          layout_basic, serial_shops, nicolae_shop_overgrown_old_shop,
          ebering_ecumenical_altar_sacrificial
D:2:      layout_loops_cross, uniq_robin, uniq_crazy_yiuf_cottage
D:3:      layout_loops_ring, lemuel_crystal_altar, serial_shops, shop,
          glass_columns_a, uniq_natasha
D:4:      layout_rooms
D:5:      layout_cave_pods
D:6:      layout_basic, uniq_menkaure, uniq_eustachio, uniq_duvessa
D:7:      layout_cave_pools, temple_statues, uniq_maggie, uniq_pikel
D:8:      layout_rooms, minmay_chambers_of_fives
Temple:   roderic_octagonal_lattice_temple

Skill      XL: |  1  2  3  4  5  6  7  8  9 |
---------------+----------------------------+-----
Fighting       | 2 3 |  3.0
Shields        | 2 3 4 |  4.0
Throwing       | 1 2 |  2.0
Maces & Flails | 1 2 3 5 8 9 |  9.8
Armour         | |  1.5
Dodging        | |  2.4
Spellcasting   | |  2.6
Invocations    | |  1.0

Action                   |  1- 3 |  4- 6 |  7- 9 || total
-------------------------+-------+-------+-------++-------
Melee: Club              |   113 |       |       ||   113
       Trident           |    20 |     6 |       ||    26
       Whip              |       |    97 |   260 ||   357
Throw: Dart              |       |     5 |       ||     5
Evoke: Wand              |       |       |     6 ||     6
  Use: Scroll            |       |     5 |     3 ||     8
 Stab: Sleeping          |       |     1 |     1 ||     2
Armor: Leather armour    |    44 |    34 |    50 ||   128
       Chain mail        |       |       |    12 ||    12
Dodge: Dodged            |    79 |    49 |   139 ||   267
Block: Buckler           |    39 |    25 |    42 ||   106

Table legend: (Time is in decaauts)
 A = Elapsed time spent in this place.
 B = Non-inter-level travel time spent in this place.
 C = Inter-level travel time spent in this place.
 D = Time resting spent in this place.
 E = Time spent auto-exploring this place.
 F = Levels seen in this place.
 G = Mean time per level.
                   A        B        C        D        E       F      G
               +--------+--------+--------+--------+--------+-----+--------+
         Total |   8044 |   7596 |    448 |   2497 |   3653 |   9 |  893.8 |
       Dungeon |   7834 |   7404 |    430 |   2497 |   3484 |   8 |  979.2 |
        Temple |    210 |    192 |     18 |      0 |    169 |   1 |  210.0 |
               +--------+--------+--------+--------+--------+-----+--------+

Top non-repeatable levels by time:
     D:6: 2231 daAuts
     D:1: 1467 daAuts
     D:7: 1259 daAuts
     D:3: 998 daAuts
     D:5: 948 daAuts
     D:4: 664 daAuts
     D:2: 245 daAuts
  Temple: 210 daAuts
     D:8: 20 daAuts
